 Dungeon Crawl Stone Soup version 0.27-a0-828-g8289197e94 (webtiles) character file.

Game seed: 7349034634508100714

466 pokeman the Magician (level 6, -1/34 HPs)
             Began as a Deep Elf Hedge Wizard on Mar 30, 2021.
             Was an Initiate of Vehumet.
             Succumbed to an orc wizard's poison
             ... on level 5 of the Dungeon.
             The game lasted 00:10:14 (4890 turns).

pokeman the Magician (Deep Elf Hedge Wizard)        Turns: 4890, Time: 00:10:14

Health: -1/34      AC:  3    Str:  7    XL:     6   Next: 81%
Magic:  18/18      EV: 12    Int: 21    God:    Vehumet [......]
Gold:   256        SH:  5    Dex: 14    Spells: 5/19 levels left

rFire    . . .     SeeInvis .   a - +0 dagger
rCold    + . .     Faith    .   (no shield)
rNeg     . . .     Spirit   .   l - +0 leather armour {rC+}
rPois    .         Reflect  +   c - +0 hat
rElec    .         Harm     .   (no cloak)
rCorr    .         Rampage  .   (no gloves)
Will     .....                  (no boots)
Stlth    ++........             i - amulet of reflection
HPRegen  0.11/turn              (no ring)
MPRegen  0.16/turn              (no ring)

@: lethally poisoned (-1 -> -19)
A: no striking features
a: Renounce Religion


You were on level 5 of the Dungeon.
You worshipped Vehumet.
Vehumet was noncommittal.
You visited 1 branch of the dungeon, and saw 5 of its levels.

You collected 256 gold pieces.

Inventory:

Hand Weapons
 a - a +0 dagger (weapon)
Missiles
 r - 17 bolts
Armour
 c - a +0 hat (worn)
 l - a +0 leather armour of cold resistance (worn)
 n - a +0 pair of gloves
 o - a +0 helmet
Jewellery
 i - an amulet of reflection (around neck)
 m - an amulet of guardian spirit
Wands
 b - a wand of flame (16)
Scrolls
 d - a scroll of blinking {unknown}
 f - a scroll of vulnerability {unknown}
 g - 3 scrolls of identify {unknown}
 j - a scroll of summoning {unknown}
 q - 2 scrolls of immolation {unknown}
 s - a scroll of noise {unknown}
Potions
 h - a potion of berserk rage {unknown}
 k - 2 potions of brilliance {unknown}
 p - 2 potions of haste {unknown}


   Skills:
 + Level 1.3 Fighting
 - Level 1.0 Armour
 - Level 3.0 Dodging
 - Level 3.1 Stealth
 * Level 7.4 Spellcasting
 + Level 3.5 Conjurations
 - Level 1.1 Summonings
 - Level 1.1 Translocations
 + Level 1.5 Fire Magic
 - Level 1.0 Air Magic
 - Level 1.0 Poison Magic
 - Level 1.1 Evocations


You had 5 spell levels left.
You knew the following spells:

 Your Spells              Type           Power      Damage    Failure   Level
a - Magic Dart            Conj           88%        1d7       2%          1
b - Mephitic Cloud        Conj/Pois/Air  15%        N/A       17%         3
c - Call Imp              Summ           12%        N/A       12%         2
d - Blink                 Tloc           N/A        N/A       12%         2
e - Conjure Flame         Conj/Fire      18%        6-21      13%         3
f - Shock                 Conj/Air       68%        1d7       4%          1
g - Swiftness             Air            12%        N/A       12%         2

Your spell library contained the following spells:

 Spells                   Type           Power      Damage    Failure   Level
 Static Discharge         Conj/Air       17%        N/A       14%         3
 Slow                     Hex            7%         N/A       19%         2
 Airstrike                Air            6%         N/A       63%         4
 Lightning Bolt           Conj/Air       8%         1d21      80%         5


Dungeon Overview and Level Annotations

Branches:
Dungeon (5/15)
 Temple: D:4-7

Altars:
Elyvilon
Okawaru
Vehumet


Message History

The stinking cloud engulfs something but does no damage.
Unknown command.
Unknown command.
Casting: Mephitic Cloud (quite dangerous; 17% risk of failure)
Confirm with . or Enter, or press ? or * to list all spells.
Aiming: Shock (safe; 4% risk of failure)
Press: ? - help, Shift-Dir - straight line
Casting: Shock (safe; 4% risk of failure)
Confirm with . or Enter, or press ? or * to list all spells.
A beastly little devil appears in a puff of flame.
Casting: Call Imp (safe; 12% risk of failure)
Confirm with . or Enter, or press ? or * to list all spells.
You miscast Call Imp.
You are very lightly contaminated with residual magic.
Nothing appears to happen.
Casting: Call Imp (safe; 12% risk of failure)
Confirm with . or Enter, or press ? or * to list all spells.
A beastly little devil appears in a puff of flame.
A white imp comes into view.
Your magical contamination has completely faded away.
There is a stone staircase leading up here.
You swap places.
The white imp gestures at you.
The puff of frost hits your crimson imp.
Your crimson imp is frozen!
Your crimson imp hits the white imp.
Something hits you!
* * * LOW HITPOINT WARNING * * *
You are lethally poisoned!
The white imp misses your crimson imp.
Your crimson imp hits the white imp but does no damage.
* * * LOW HITPOINT WARNING * * *
You feel very sick. The white imp gestures at you.
The puff of frost hits your crimson imp!
Your crimson imp is frozen!
Your crimson imp dies!
Your crimson imp hits something.
It was a potion of magic.
Magic courses through your body.
You die...

..........###..#.###.#.
. #....#........... #.
##...#.#..###.....
#.###....#............
#.5.5.........###.#.##
.#<#{........###.#.##
##..................
##.##.####.#.######
#@##.# .#.# # #.##.#
.#.# # #.##.# #. #.
#.##.# #. #. #.##.# #.
#. ... ### #. #. ...
.....#.#####. ...
#............
..####...<...


You could see a white imp and a friendly crimson imp (summoned).

Vanquished Creatures
  3 hounds (D:4)
  2 orc priests
  A centaur skeleton (D:5)
  An iguana (D:4)
  Ijyb (D:3)
  Natasha (thrice) (D:3)
  An orc wizard (D:3)
  A hound skeleton (D:4)
  4 adders
  An adder zombie (D:1)
  2 dart slugs
  2 worms (D:3)
  6 orcs
  4 ball pythons
  A bat zombie (D:1)
  6 endoplasms
  4 giant cockroaches
  8 goblins
  9 hobgoblins
  6 jackals (D:3)
  4 quokkas (D:1)
  2 bats
  5 frilled lizards
  5 kobolds
  2 rats
84 creatures vanquished.

Notes
Turn   | Place    | Note
-------+----------+-------------------------------------------
     0 | D:1      | pokeman the Deep Elf Hedge Wizard began the quest for the
                  | Orb.
     0 | D:1      | Reached XP level 1. HP: 10/10 MP: 7/7
   214 | D:1      | Reached XP level 2. HP: 15/15 MP: 5/9
   687 | D:1      | Reached skill level 5 in Spellcasting
   955 | D:1      | Reached XP level 3. HP: 20/20 MP: 6/11
   959 | D:1      | Learned a level 3 spell: Mephitic Cloud
   962 | D:1      | Learned a level 2 spell: Call Imp
   965 | D:1      | Learned a level 2 spell: Blink
   969 | D:1      | Learned a level 3 spell: Conjure Flame
  1420 | D:2      | Found a faded altar of an unknown god.
  1621 | D:2      | Reached skill level 1 in Fighting
  1688 | D:2      | Reached skill level 1 in Armour
  2372 | D:3      | Reached XP level 4. HP: 25/25 MP: 8/13
  2392 | D:3      | Noticed Natasha
  2398 | D:3      | Killed Natasha
  2617 | D:3      | Noticed Natasha
  2622 | D:3      | Killed Natasha
  2623 | D:3      | Reached skill level 6 in Spellcasting
  2623 | D:3      | Reached skill level 1 in Fire Magic
  2731 | D:3      | Reached XP level 5. HP: 29/29 MP: 10/15
  2980 | D:3      | Noticed Ijyb
  2989 | D:3      | Killed Ijyb
  3045 | D:3      | Noticed Natasha
  3050 | D:3      | Killed Natasha
  3294 | D:3      | Reached skill level 1 in Air Magic
  3539 | D:3      | Found a white marble altar of Elyvilon.
  3539 | D:3      | Found a radiant altar of Vehumet.
  3543 | D:3      | Became a worshipper of Vehumet
  3696 | D:4      | Learned a level 1 spell: Shock
  3699 | D:4      | Learned a level 2 spell: Swiftness
  3908 | D:4      | Reached XP level 6. HP: 34/34 MP: 13/17
  4057 | D:4      | Reached skill level 7 in Spellcasting
  4057 | D:4      | Reached skill level 1 in Poison Magic
  4273 | D:4      | Found an iron altar of Okawaru.
  4373 | D:4      | Reached skill level 1 in Evocations
  4759 | D:5      | Entered Level 5 of the Dungeon
  4889 | D:5      | HP: 1/34 [poisoned by an orc wizard]
  4890 | D:5      | Succumbed to an orc wizard's poison

Illustrated notes

Levels and vault maps discovered:
D:1:      saegor_arrival_fortress, layout_rooms, minmay_domino_2
D:2:      layout_rooms, chequers_ecumenical_altar_simple_redux,
          chequers_hall_statues_y
D:3:      layout_loops_cross, gammafunk_temple_overflow_wave,
          minmay_misc_feat_four_crosses, uniq_ijyb, uniq_natasha
D:4:      layout_loops_corners, okawaru_gym_becter
D:5:      layout_loops_ring, minmay_manual_macuahuitl

Skill      XL: |  1  2  3  4  5  6 |
---------------+-------------------+-----
Spellcasting   | 5 6 7 |  7.4
Conjurations   | 2 3 |  3.5
Fighting       | 1 |  1.3
Armour         | 1 |  1.0
Fire Magic     | 1 |  1.5
Dodging        | 3 |  3.0
Air Magic      | 1 |  1.0
Stealth        | 3 |  3.1
Poison Magic   | 1 |  1.0
Evocations     | 1 |  1.1
Summonings     | |  1.1
Translocations | |  1.1

Action                   |  1- 3 |  4- 6 || total
-------------------------+-------+-------++-------
Melee: Dagger            |    12 |    20 ||    32
 Cast: Magic Dart        |   114 |   115 ||   229
       Mephitic Cloud    |       |     5 ||     5
       Conjure Flame     |       |     3 ||     3
       Shock             |       |    12 ||    12
       Call Imp          |       |     2 ||     2
  Use: Potion            |       |     1 ||     1
 Stab: Confused          |       |     1 ||     1
Armor: Robe              |    12 |       ||    12
       Leather armour    |       |     5 ||     5
Dodge: Dodged            |    19 |    15 ||    34
Block: Other             |       |     6 ||     6

Table legend: (Time is in decaauts)
 A = Elapsed time spent in this place.
 B = Non-inter-level travel time spent in this place.
 C = Inter-level travel time spent in this place.
 D = Time resting spent in this place.
 E = Time spent auto-exploring this place.
 F = Levels seen in this place.
 G = Mean time per level.
                   A        B        C        D        E       F      G
               +--------+--------+--------+--------+--------+-----+--------+
         Total |   4889 |   4757 |    132 |    200 |   4037 |   5 |  977.8 |
       Dungeon |   4889 |   4757 |    132 |    200 |   4037 |   5 |  977.8 |
               +--------+--------+--------+--------+--------+-----+--------+

Top non-repeatable levels by time:
     D:3: 1605 daAuts
     D:1: 1255 daAuts
     D:4: 1195 daAuts
     D:2: 701 daAuts
     D:5: 130 daAuts
